 Dungeon Crawl Stone Soup version 0.22-a0-307-g2b15929 (webtiles) character file.

65 grizmgrazm2 the Chiller (level 4, -2/36 HPs)
             Began as a Ghoul Ice Elementalist on Apr 1, 2018.
             Was an Initiate of Okawaru.
             Killed from afar by Sigmund (7 damage)
             ... with a puff of flame
             ... on level 2 of the Dungeon.
             The game lasted 00:04:49 (1369 turns).

grizmgrazm2 the Chiller (Ghoul Ice Elementalist)    Turns: 1369, Time: 00:04:51

Health: -2/36      AC:  6    Str: 11    XL:     4   Next: 14%
Magic:  1/6        EV: 10    Int: 11    God:    Okawaru [......]
Gold:   66         SH:  0    Dex:  9    Spells: 7/8 levels left

rFire    . . .     SeeInvis .   h - +0 short sword
rCold    + . .     Gourm    .   (no shield)
rNeg     + + +     Faith    .   e - +0 ring mail
rPois    ∞         Spirit   .   (no helmet)
rElec    .         Reflect  .   f - +0 cloak
rCorr    .         Harm     .   (no gloves)
MR       .....                  (no boots)
Stlth    +.........             (no amulet)
HPRegen  0.00/turn              (no ring)
MPRegen  0.10/turn              (no ring)

@: very slightly contaminated, rotting
A: rotting body, claws 1, carnivore, cold resistance 1, negative energy
resistance 3, inhibited regeneration, torment resistance, unbreathing
a: Renounce Religion


You were on level 2 of the Dungeon.
You worshipped Okawaru.
Okawaru was noncommittal.
You were not hungry.

You visited 1 branch of the dungeon, and saw 2 of its levels.

You collected 66 gold pieces.

Inventory:

Hand Weapons
 h - a +0 short sword (weapon)
Armour
 a - a +0 robe
 e - a +0 ring mail (worn)
 f - a +0 cloak (worn)
Jewellery
 o - a +3 ring of dexterity {unknown}
Scrolls
 b - a scroll of noise {unknown}
 d - a scroll of teleportation {unknown}
 k - 3 scrolls of identify {unknown}
 l - a scroll of fog {unknown}
 m - a scroll of enchant armour {unknown}
Potions
 j - a potion of cancellation {unknown}
 n - a potion of berserk rage {unknown}
Comestibles
 c - 2 rations


   Skills:
 + Level 2.0 Fighting
 - Level 1.7 Dodging
 - Level 2.1 Stealth
 + Level 2.5 Spellcasting
   Level 0.7 Conjurations
 + Level 4.1 Ice Magic


You had 7 spell levels left.
You knew the following spells:

 Your Spells              Type           Power        Failure   Level  Hunger
a - Freeze                Ice            ##..         12%         1    ##.....


Dungeon Overview and Level Annotations

Branches:
Dungeon (2/15)

Altars:
Okawaru

Annotations:
D:2 Sigmund


Innate Abilities, Weirdness & Mutations

Your body is rotting away.
You thrive on raw meat.
You are immune to poison.
You have sharp fingernails.
You are carnivorous and can eat meat at any time.
Your flesh is cold resistant. (rC+)
You are immune to negative energy. (rN+++)
You do not regenerate when monsters are visible.
You are immune to unholy pain and torment.
You can survive without breathing.


Message History

Sigmund barely misses you.
Okay, then.
It was a potion of lignification.
You feel woody for a moment.
You feel your flesh rotting away. The hobgoblin hits you.
* * * LOW HITPOINT WARNING * * *
Sigmund completely misses you.
It was a potion of curing.
You feel better. The hobgoblin misses you.
Casting: Freeze (safe; 12% risk of failure)
Confirm with . or Enter, or press ? or * to list all spells.
Aiming: Freeze (safe; 12% risk of failure)
Press: ? - help, Shift-Dir - straight line, f/p - Sigmund
Aim: Sigmund, wielding a scythe and wearing a robe (severely wounded)
You freeze Sigmund.
Sigmund is almost dead.
The hobgoblin hits you.
* * * LOW HITPOINT WARNING * * *
Sigmund gestures at you while chanting. The puff of flame hits you!
You die...

#.##.## #.##...
#.##..# #.##..#
#.##.(# #.##..#
#.##..#######
#.##...@....##.#
#......g@....(.#
#.####..#.######.####
#.........#
#.######..# #.# #†.#
#.# #..# #.# #..# #.#
#..# #.# #.########


You could see Sigmund and a hobgoblin.

Vanquished Creatures
  A bullfrog zombie (D:2)
  2 worms (D:2)
  2 leopard geckos (D:1)
  4 bats
  A giant cockroach (D:1)
  6 goblins
  2 hobgoblins
  A quokka (D:2)
  3 frilled lizards (D:1)
  3 kobolds
  3 rats (D:1)
28 creatures vanquished.

Notes
Turn   | Place    | Note
-------+----------+-------------------------------------------
     0 | D:1      | grizmgrazm2 the Ghoul Ice Elementalist began the quest for the Orb.
     0 | D:1      | Reached XP level 1. HP: 14/14 MP: 2/2
   268 | D:1      | Reached XP level 2. HP: 20/22 MP: 4/4
   430 | D:1      | Reached skill level 1 in Fighting
   727 | D:2      | Reached skill level 4 in Ice Magic
   727 | D:2      | Reached XP level 3. HP: 3/29 MP: 0/5
  1118 | D:2      | Reached XP level 4. HP: 29/35 MP: 6/6
  1137 | D:2      | Found an iron altar of Okawaru.
  1153 | D:2      | Became a worshipper of Warmaster Okawaru
  1353 | D:2      | Noticed Sigmund
  1369 | D:2      | Killed from afar by Sigmund

Vault maps used:
D:1:      eino_arrival_water_cross, minmay_tetromino_o4
D:2:      okawaru_metal_pillars_1_2, uniq_sigmund

Skill      XL: |  1  2  3 |
---------------+----------+-----
Spellcasting   | 2 |  2.5
Fighting       | 1 2 |  2.0
Ice Magic      | 4 |  4.1
Dodging        | |  1.7
Stealth        | |  2.1
Conjurations   | |  0.7

Action                   |  1- 3 |  4- 6 || total
-------------------------+-------+-------++-------
Melee: Dagger            |    11 |       ||    11
       Unarmed           |    10 |       ||    10
       Short sword       |    76 |    34 ||   110
 Cast: Freeze            |    19 |     6 ||    25
  Use: Potion            |       |     2 ||     2
  Eat: Chunk             |     5 |     2 ||     7
Armor: Ring mail         |    51 |    11 ||    62
Dodge: Dodged            |    73 |    24 ||    97

Table legend:
 A = Spawn XP
 B = Non-spawn XP
 C = Spawn XP percentage of total XP
 D = Spawn monster count
 E = Non-spawn monster count
 F = Spawn count percentage of total count
 G = Total turns spent on level
                    A         B        C        D         E        F      G
               +---------+---------+-------+---------+---------+-------+---------
         Total |       0 |      94 |   0.0 |       0 |      28 |   0.0 |  1369
               +---------+---------+-------+---------+---------+-------+---------
           D:1 |       0 |      31 |   0.0 |       0 |      19 |   0.0 |   706
           D:2 |       0 |      63 |   0.0 |       0 |       9 |   0.0 |   663
               +---------+---------+-------+---------+---------+-------+---------
